 Dungeon Crawl Stone Soup version 0.30-a0-778-g2ef04afb54 (webtiles) character file.

Game seed: 18408987971547725900

62 browni3141 the Ducker (level 4, 0/36 HPs)
             Began as a Meteoran Wanderer on Feb 15, 2023.
             Killed from afar by Natasha (7 damage)
             ... with a magic dart
             ... on level 2 of the Dungeon.
             The game lasted 00:06:07 (768 turns).

browni3141 the Ducker (Meteoran Wanderer)            Turns: 768, Time: 00:06:07

Health: 0/36       AC:  4    Str: 14    XL:     4   Next: 53%
Magic:  1/9        EV: 13    Int: 15    God:
Gold:   50         SH:  0    Dex: 13    Spells: 4/8 levels left

rFire   . . .      SeeInvis .    a - +0 club
rCold   . . .      Faith    .    (no shield)
rNeg    . . .      Spirit   .    j - +2 robe {Will+}
rPois   .          Reflect  .    (no helmet)
rElec   .          Harm     .    (no cloak)
rCorr   .          Rampage  .    (no gloves)
Will    +....                    (no boots)
Stlth   +                        (no amulet)
HPRegen 0.26/turn                (no ring)
MPRegen 0.11/turn                (no ring)

@: glowing
A: sense surroundings 1, otherworldly, glowing, explore regen
a: no special abilities


You were on level 2 of the Dungeon.
You visited 1 branch of the dungeon, and saw 2 of its levels.

You collected 50 gold pieces.

Inventory:

Hand Weapons
 a - a +0 club (weapon)
 m - a +0 morningstar
Missiles
 l - 3 datura-tipped darts
Armour
 d - a +2 scale mail
 j - a +2 robe of willpower (worn)
 k - a +0 chain mail
Scrolls
 c - a scroll of silence
 e - a scroll of noise {unknown}
 i - 3 scrolls of poison {unknown}
Potions
 b - a potion of curing
 f - a potion of brilliance {unknown}
 g - a potion of degeneration {unknown}
 h - a potion of heal wounds {unknown}


   Skills:
 - Level 2.0 Fighting
 - Level 3.6 Armour
 - Level 3.6 Dodging
 - Level 2.6 Spellcasting
 * Level 1.1 Necromancy
 * Level 2.9 Air Magic
 * Level 1.5 Poison Magic
 - Level 1.2 Evocations


You had 4 spell levels left.
You knew the following spells:

 Your Spells              Type           Power      Damage    Failure   Level
a - Poisonous Vapours     Pois/Air       16%        N/A       12%         2
b - Cigotuvi's Dreadful   Necr/Pois/Air  14%        N/A       14%         2

Your spell library contained the following spells:

 Spells                   Type           Power      Damage    Failure   Level


Dungeon Overview and Level Annotations

Branches:
Dungeon (2/15) Zot: 388

Altars:

Annotations:
D:2 Natasha


Innate Abilities, Weirdness & Mutations

You passively map a small area around you.
You are easily found by Zot.
You glow in the dark.
You regain HP and MP as you explore.


Message History

Aiming: Poisonous Vapours (safe; 12% risk of failure)
Press: ? - help, Q - select action, (/) - cycle Dir - move target, f/p - Natasha
Aim: Natasha (moderately wounded) Poisonous vapours surround Natasha!
Natasha is poisoned.
Natasha closely misses you.
You barely miss Natasha.
Natasha is heavily wounded.
Natasha closely misses you.
You hit Natasha but do no damage.
Natasha is heavily wounded.
Natasha misses you.
You barely miss Natasha.
Natasha is heavily wounded.
Natasha barely misses you. x2
You completely miss Natasha.
Natasha is heavily wounded.
Natasha looks more healthy.
Natasha mumbles some strange words.
You barely miss Natasha.
Natasha is severely wounded.
Natasha casts a spell.
The crimson imp shouts, "Scamper away, thou erky bat-fowling canker-blossom!"
The crimson imp barely misses you.
You hit Natasha.
Natasha is almost dead.
Natasha stares at you and mumbles some strange words.
The magic dart hits you.
* * * LOW HITPOINT WARNING * * *
The crimson imp hits you but does no damage.
The shadow imp closely misses you.
Natasha mumbles some strange words.
You closely miss Natasha.
Natasha is almost dead.
The crimson imp hits you.
* * * LOW HITPOINT WARNING * * *
The shadow imp hits you.
* * * LOW HITPOINT WARNING * * *
Natasha casts a spell at you. The magic dart hits you!
You die...

,. #....###.##.#.# , , .###....#
#.##.#.# , ..##....# #.#..... ,,
,#.##....# #.####.# ,
###.##....###.# #.# , ,
###...####....#.# #.# ###......#
#....#.####.#
*###........###....#.#.....
#.......5@5.##.####.#.##.#
###...##........h.##..#.....##.#
##..(...#..)........##.#.#.####.#
........##.......5..##.#<#.####.#
.........#.........)...###.(....#
.........##........###......#####
..........#......#####....###
.....†....##...###.....####
.............###.......#


You could see Natasha, a crimson imp (summoned), a white imp (summoned) and a
shadow imp (summoned).

Vanquished Creatures
  Natasha (D:2)
  A worm (D:2)
  9 ball pythons
  4 endoplasms (D:1)
  2 giant cockroaches (D:2)
  A goblin (D:2)
  A hobgoblin (D:1)
  2 jackals (D:1)
  A quokka (D:1)
  7 bats (D:1)
  3 frilled lizards (D:1)
  2 rats
34 creatures vanquished.

Vanquished Creatures (others)
  2 fungi (D:1)
2 creatures vanquished.

Grand Total: 36 creatures vanquished

Notes
Turn   | Place    | Note
-------+----------+-------------------------------------------
     0 | D:1      | browni3141 the Meteoran Wanderer began the quest for the
                  | Orb.
     0 | D:1      | browni3141 set off with the following items: a +0 club, a
                  | potion of curing, a scroll of silence, a +2 scale mail; and
                  | the following spells available to memorise: Poisonous
                  | Vapours, Cigotuvi's Dreadful Rot.
     0 | D:1      | Reached XP level 1. HP: 14/14 MP: 5/5
    64 | D:1      | Reached XP level 2. HP: 16/22 MP: 6/6
    71 | D:1      | Reached skill level 1 in Fighting
   239 | D:1      | Reached XP level 3. HP: 28/28 MP: 8/8
   246 | D:1      | Learned a level 2 spell: Poisonous Vapours
   249 | D:1      | Learned a level 2 spell: Cigotuvi's Dreadful Rot
   651 | D:2      | Identified the +1 leather armour of an ice cave {Stlth+}
   670 | D:2      | Reached skill level 1 in Poison Magic
   690 | D:2      | Noticed Natasha
   706 | D:2      | Killed Natasha
   707 | D:2      | Reached skill level 1 in Necromancy
   707 | D:2      | Reached XP level 4. HP: 32/36 MP: 1/9
   747 | D:2      | Noticed Natasha
   768 | D:2      | Killed from afar by Natasha

Illustrated notes

Levels and vault maps discovered:
D:1:      heliophobic_arrival_glass_houses, layout_basic,
          minmay_shallow_snake_nest
D:2:      minmay_skewed_foursquare, layout_basic, uniq_natasha

Skill      XL: |  1  2  3 |
---------------+----------+-----
Fighting       | 1 2 |  2.0
Air Magic      | 2 |  2.9
Poison Magic   | 1 |  1.5
Necromancy     | 1 |  1.1
Armour         | |  3.6
Dodging        | |  3.6
Spellcasting   | |  2.6
Evocations     | |  1.2

Action                     |  1- 3 |  4- 6 || total
---------------------------+-------+-------++-------
  Melee: Club              |   122 |    20 ||   142
   Cast: Poisonous Vapours |     6 |     5 ||    11
 Armour: Scale mail        |   101 |       ||   101
         Robe              |     9 |     2 ||    11
  Dodge: Dodged            |    78 |    11 ||    89

Table legend: (Time is in decaauts)
 A = Elapsed time spent in this place.
 B = Non-inter-level travel time spent in this place.
 C = Inter-level travel time spent in this place.
 D = Time resting spent in this place.
 E = Time spent auto-exploring this place.
 F = Levels seen in this place.
 G = Mean time per level.
                   A        B        C        D        E       F      G
               +--------+--------+--------+--------+--------+-----+--------+
         Total |    810 |    794 |     16 |      0 |      0 |   2 |  405.0 |
       Dungeon |    810 |    794 |     16 |      0 |      0 |   2 |  405.0 |
               +--------+--------+--------+--------+--------+-----+--------+

Top non-repeatable levels by time:
     D:1: 528 daAuts
     D:2: 281 daAuts
